 Dungeon Crawl Stone Soup version 0.29.1-12-g30fa7ad0bf (webtiles) character file.

Game seed: 7739569273986258745

18 cheesebisquit the Trooper (level 2, -1/27 HPs)
             Began as a Minotaur Berserker on Jan 1, 2023.
             Was a Follower of Trog.
             Slain by an adder (4 damage)
             ... on level 2 of the Dungeon.
             The game lasted 00:01:16 (162 turns).

cheesebisquit the Trooper (Minotaur Berserker)       Turns: 162, Time: 00:01:16

Health: -1/27      AC:  3    Str: 21    XL:     2   Next: 51%
Magic:  1/1        EV: 12    Int:  4    God:    Trog [*.....]
Gold:   11         SH:  0    Dex:  9    Spells: 1/1 levels left

rFire   . . .      SeeInvis .   a - +0 hand axe
rCold   . . .      Faith    .   (no shield)
rNeg    . . .      Spirit   .   e - +0 leather armour
rPois   .          Reflect  .   (helmet restricted)
rElec   .          Harm     .   (no cloak)
rCorr   .          Rampage  .   (no gloves)
Will    .....                   (no boots)
Stlth   +.........              (no amulet)
HPRegen 0.09/turn               (no ring)
MPRegen 0.07/turn               (no ring)

@: lethally poisoned (-1 -> -3)
A: horns 2, retaliatory headbutt
a: Renounce Religion, Berserk


You were on level 2 of the Dungeon.
You worshipped Trog.
Trog was aware of your devotion.
You visited 1 branch of the dungeon, and saw 2 of its levels.

You collected 11 gold pieces.

Inventory:

Hand Weapons
 a - a +0 hand axe (weapon)
Armour
 b - a +0 animal skin
 e - a +0 leather armour (worn)
Scrolls
 c - a scroll of enchant weapon {unknown}
Potions
 d - 2 potions of heal wounds {unknown}


   Skills:
 + Level 3.9 Fighting
 + Level 3.9 Axes
 + Level 2.8 Armour
 + Level 2.5 Dodging


You had one spell level left.
You didn't know any spells.
Your spell library was empty.

Dungeon Overview and Level Annotations

Branches:
Dungeon (1/15)

Altars:

Shops:
D:1 [


Innate Abilities, Weirdness & Mutations

You have a pair of horns on your head.
You reflexively headbutt those who attack you in melee.


Message History

The adder bites you.
You start putting on your armour.
You continue putting on your +0 leather armour.
The adder bites you. The adder barely misses you.
You continue putting on your +0 leather armour.
The adder bites you. x2
You are poisoned.
The adder poisons you! The adder misses you.
You continue putting on your +0 leather armour.
You feel sick. The adder misses you. You furiously retaliate!
You headbutt the adder!
You kill the adder!
Trog accepts your kill. The adder bites you.
You continue putting on your +0 leather armour.
You feel sick. The adder bites you.
You finish putting on your +0 leather armour.
Okay, then.
You feel sick.
You barely miss the adder.
You feel sick.
You are no longer poisoned.
The adder closely misses you. x2; You furiously retaliate!
You headbutt the adder. You barely miss the adder.
Your headbutt misses the adder.
The adder is moderately wounded.
The adder bites you.
* * * LOW HITPOINT WARNING * * *
You are poisoned.
The adder poisons you!
You hit the adder.
You headbutt the adder, but do no damage.
The adder is moderately wounded.
* * * LOW HITPOINT WARNING * * *
You feel sick. The adder bites you but does no damage.
The adder closely misses you.
You hit the adder. Your headbutt misses the adder.
The adder is almost dead.
* * * LOW HITPOINT WARNING * * *
You feel sick. The adder bites you.
You die...

#.....# #.....#
####.....#
.........#
#.....# #.....#
#.....##
#......######
#..###.@S......#
...............#
.................
....!...........#
...............#
.........#..#..#
........##..##.#
...#...## ..#


You could see an adder.

Vanquished Creatures
  An adder (D:2)
  A ball python (D:1)
  A giant cockroach (D:1)
  A goblin (D:1)
  3 hobgoblins (D:1)
  A quokka (D:1)
8 creatures vanquished.

Notes
Turn   | Place    | Note
-------+----------+-------------------------------------------
     0 | D:1      | cheesebisquit the Minotaur Berserker began the quest for
                  | the Orb.
     0 | D:1      | Reached XP level 1. HP: 19/19 MP: 0/0
    53 | D:1      | Found Ehuof's Armour Boutique.
   140 | D:1      | Reached XP level 2. HP: 24/27 MP: 1/1
   143 | D:1      | You fall into a shaft and drop 1 floor!
   162 | D:2      | Slain by an adder

Illustrated notes

Levels and vault maps discovered:
D:1:      lightli_arrival_maybe_door_vault, layout_loops_cross, serial_shops,
          nicolae_shop_window_shopping
D:2:      layout_rooms, serial_shops, nicolae_lakefront_shop,
          grunt_ministairs_2, uniq_jessica

Action                   || total
-------------------------++-------
Melee: Hand axe          ||    15
       Headbutt          ||     4
Armor: Leather armour    ||     1
       Animal skin       ||     1
Dodge: Dodged            ||    10
